AoeStats
← Mertcan19072712

Arabia

508711133Analyzed
1v1 RM · 9d ago on Sep 23, 2026· 57m 47s· 2 players
Game mode
Random Map
Map size
Tiny (2 player)
Population
200
Speed
Normal
Resources
Standard
Victory
Conquest
Starting age
Dark Age
Ending age
Imperial Age
RankedLock teamsTeams togetherTeam positionsShared explorationLock speedFull tech treeHidden civsTurbo modeCheats
Victory
Defeat
🇬🇧 Franks · United Kingdom
1009
+15
🇦🇷 Poles · Argentina
983
-15
MANKANTIMETA
5:22 Loom
9:31 Feudal Age
17:54 Double-Bit Axe
20:15 Castle Age
18:35 Gold Mining
19:30 Horse Collar
20:06 Bloodlines
20:52 Forging
23:07 Pikeman
29:44 Squires
37:03 Imperial Age
35:58 Stone Mining
36:24 Scale Barding Armor
37:55 Heavy Mounted Crossbowman
41:40 Cavalier
43:13 Light Cavalry
43:54 Husbandry
45:07 Wheelbarrow
47:11 Conscription
46:53 Winged Hussar
50:47 Heavy Plow
Mertcan19072712
10:59 Feudal Age
16:17 Castle Age
14:42 Double-Bit Axe
18:16 Bow Saw
18:10 Gold Mining
23:09 Stone Mining
23:39 Loom
24:54 Pikeman
25:59 Town Watch
26:49 Scale Barding Armor
32:07 Imperial Age
30:04 Ballistics
31:10 Wheelbarrow
30:46 Arson
31:02 Fletching
31:23 Forging
32:07 Squires
32:38 Sanctity
32:06 Elite Skirmisher
33:59 Chemistry
33:31 Bodkin Arrow
34:56 Wheelbarrow
34:37 Careening
34:12 Cavalier
35:51 Conscription
38:39 Paladin
39:21 Husbandry
38:43 Light Cavalry
40:37 Town Patrol
41:05 Dry Dock
40:44 Murder Holes
41:51 Gold Shaft Mining
41:48 Forging
42:06 Padded Archer Armor
45:22 Hand Cart
45:17 Halberdier
46:55 Leather Archer Armor
47:16 Iron Casting
47:28 Scale Mail Armor
47:49 Chain Barding Armor
Connection lost

Rejoining the realm…

Still unreachable

The connection could not be restored.

Session expired

The server has moved on; the page needs a fresh start.